 Dungeon Sprint DCSS version 0.31.0-12-g77e489cdc1 (webtiles) character file.

Game seed: 12554731639137478194

449 Minsecho the Fighter (level 7, -2/65 HPs)
             Began as a Barachi Fighter on Feb 18, 2024.
             Was an Initiate of Cheibriados.
             Slain by Sonja
             ... wielding a +0 short sword of distortion
              (7 damage)
             ... in the Dungeon (Sprint I: "Red Sonja").
             The game lasted 00:01:38 (455 turns).

Minsecho the Fighter (Barachi Fighter)               Turns: 455, Time: 00:01:38

Health: -2/65      AC:  8    Str: 19    XL:     7   Next: 4%
Magic:  7/7        EV: 10    Int:  9    God:    Cheibriados [......]
Gold:   311        SH:  6    Dex: 14    Spells: 6/6 levels left

rFire   . . .        a - +0 long sword
rCold   . . .        c - +0 buckler
rNeg    . . .        b - +0 scale mail
rPois   .            (no helmet)
rElec   .            (no cloak)
rCorr   .            (no gloves)
SInv    .            (no boots)
Will    .....        (no amulet) Stlth
                     (no ring)
HPRegen 0.30/turn    (no ring)
MPRegen 0.10/turn

%: no teleportation
@: mighty, unable to hop, very slow
A: amphibious, slowness 1, strong legs 1, +LOS
a: Hop, Renounce Religion


You were in the Dungeon.
You worshipped Cheibriados.
Cheibriados was noncommittal.
You visited 1 branch You collected 311 gold pieces.

Inventory:

Hand Weapons
 a - a +0 long sword (weapon)
Armour
 b - a +0 scale mail (worn)
 c - a +0 buckler (worn)
Scrolls
 j - a scroll of blinking
Potions
 e - a potion of curing
 f - a potion of heal wounds
 g - a potion of haste
 h - 2 potions of magic


   Skills:
 + Level 9.8 Fighting
 + Level 8.0 Long Blades
 + Level 9.5 Armour
 + Level 1.6 Dodging
 + Level 8.7 Shields
 + Level 0.9 Evocations


You had 6 spell levels left.
You didn't know any spells.
Your spell library was empty.

Dungeon Overview and Level Annotations

Branches:
Dungeon (1/1)

Altars:
Cheibriados
Dithmenos
Elyvilon
Fedhas
Gozag
Hepliaklqana
Kikubaaqudgha
Nemelex Xobeh
Okawaru
Qazlal
Ru
Sif Muna
Trog
Uskayaw
Vehumet
Wu Jian
Yredelemnul
Zin
The Shining One

Shops:
D =

Annotations:
D Sonja


Innate Abilities, Weirdness & Mutations

You are amphibious.
You cover ground slowly.
You can hop short distances.
You have an extended range of vision and can be seen from far away.


Message History

Aiming: Mindburst
Press: ? - help, Shift-Dir - straight line, f - Sonja
Aim: Sonja, wielding a +0 short sword of distortion and quivering curare-tipped darts (chance to affect: 76%) Sonja's mind is blasted!
Sonja hits you with a +0 short sword of distortion.
Space warps horribly around you! You block Sonja's attack.
Sonja completely misses you.
You barely miss Sonja.
Sonja is moderately wounded.
You block Sonja's attack.
Sonja hits you with a +0 short sword of distortion.
Space warps around you.
Sonja hits you with a +0 short sword of distortion.
Aiming: Mindburst
Press: ? - help, Shift-Dir - straight line, f/p - Sonja
Aim: Sonja, wielding a +0 short sword of distortion and quivering curare-tipped darts (moderately wounded, chance to affect: 76%) Sonja barely resists.
The now-empty wand crumbles to dust.
Sonja hits you but does no damage. Sonja barely misses you. Sonja misses you.
Unknown command.
Hop to where?
Press: ? - help, Dir - move target, p - Sonja Boing!
You aren't carrying any items that you can evoke.
Unknown command.
Press < or > to pray at altars.
You feel very mighty all of a sudden.
Sonja hits you with a +0 short sword of distortion.
Space warps horribly around you!
Sonja hits you with a +0 short sword of distortion.
Space warps horribly around you!
* * * LOW HITPOINT WARNING * * *
Sonja hits you with a +0 short sword of distortion.
* * * LOW HITPOINT WARNING * * *
Space warps around you.
* * * LOW HITPOINT WARNING * * *
You slash Sonja!
Sonja is severely wounded.
Sonja hits you with a +0 short sword of distortion!
You die...
Sonja takes a bow.

################
#<.#..)..#..'..#
#..)..#..').#..+
#..#####'#####'#
#..####..#...#[#
#..#__####..##.#
#..#_____##'#_.+
#⌠⌠#_.∩...÷..K@#
####_..__##_○#+#
#_____###'#
####### #.# $.$
$.$ ##.## #+#


You could see Sonja.

Vanquished Creatures
  A yak (D)
  Sigmund (D)
  An ogre (D)
  A jelly (D)
  Ijyb (D)
5 creatures vanquished.

Notes
Turn   | Place    | Note
-------+----------+-------------------------------------------
     0 | D        | Minsecho the Barachi Fighter began the quest for the Orb.
     0 | D        | Reached XP level 1. HP: 18/18 MP: 1/1
     1 | D        | Noticed Ijyb
    13 | D        | HP: 1/27 [disintegration (3)]
    18 | D        | Killed Ijyb
    19 | D        | Reached skill level 5 in Fighting
    19 | D        | Reached skill level 5 in Armour
    19 | D        | Reached XP level 2. HP: 3/27 MP: 2/2
    19 | D        | Reached XP level 3. HP: 3/33 MP: 3/3
   129 | D        | Noticed an ogre
   135 | D        | Killed an ogre
   136 | D        | Reached XP level 4. HP: 33/41 MP: 4/4
   176 | D        | Noticed Sigmund
   182 | D        | Killed Sigmund
   183 | D        | Reached XP level 5. HP: 51/51 MP: 5/5
   183 | D        | Reached XP level 6. HP: 57/57 MP: 6/6
   195 | D        | Found a shimmering blue altar of Sif Muna.
   196 | D        | Found an ornate altar of the Wu Jian Council.
   197 | D        | Found a radiant altar of Vehumet.
   201 | D        | Reached skill level 1 in Dodging
   221 | D        | Found Uriraal's Jewellery Emporium.
   221 | D        | Found an ancient bone altar of Kikubaaqudgha.
   221 | D        | Found a hazy altar of Hepliaklqana.
   221 | D        | Found a hide-covered altar of Uskayaw.
   221 | D        | Found a basalt altar of Yredelemnul.
   221 | D        | Found an opulent altar of Gozag.
   221 | D        | Found a snail-covered altar of Cheibriados.
   221 | D        | Found a sacrificial altar of Ru.
   221 | D        | Found a shadowy altar of Dithmenos.
   221 | D        | Noticed a yak
   233 | D        | Killed a yak
   234 | D        | Reached XP level 7. HP: 35/65 MP: 7/7
   331 | D        | Found a stormy altar of Qazlal.
   331 | D        | Found a blossoming altar of Fedhas.
   331 | D        | Found a bloodstained altar of Trog.
   331 | D        | Found an iron altar of Okawaru.
   331 | D        | Found a glowing golden altar of the Shining One.
   331 | D        | Found a glowing silver altar of Zin.
   331 | D        | Found a white marble altar of Elyvilon.
   432 | D        | Found a sparkling altar of Nemelex Xobeh.
   439 | D        | Became a worshipper of Cheibriados the Contemplative
   449 | D        | Noticed Sonja
   455 | D        | Slain by Sonja

Illustrated notes

Levels and vault maps discovered:
D:        dungeon_sprint_1 [red_sonja_temple_1, red_sonja_temple_small_1]

Skill      XL: |  1  2  3  4  5  6 |
---------------+-------------------+-----
Fighting       | 5 6 8 9 |  9.8
Long Blades    | 3 4 6 8 |  8.0
Armour         | 5 6 8 9 |  9.5
Shields        | 4 6 7 8 |  8.7
Dodging        | 1 |  1.6
Evocations     | |  0.9

Action                     |  1- 3 |  4- 6 |  7- 9 || total
---------------------------+-------+-------+-------++-------
  Melee: Long sword        |    20 |    18 |     2 ||    40
Ability: Hop               |       |       |     1 ||     1
  Evoke: Wand              |     1 |     2 |     2 ||     5
    Use: Potion            |     1 |       |     1 ||     2
 Armour: Scale mail        |     7 |     8 |     8 ||    23
  Dodge: Dodged            |     6 |     6 |     3 ||    15
  Block: Buckler           |     2 |     3 |     2 ||     7
